 Dungeon Crawl Stone Soup version 0.27-a0-457-gba82baf56e (webtiles) character file.

Game seed: 878757122193878289

144 Gaff the Sneak (level 5, -7/32 HPs)
             Began as a Kobold Brigand on Feb 28, 2021.
             Killed from afar by Sigmund (9 damage)
             ... with a puff of flame
             ... on level 3 of the Dungeon.
             The game lasted 00:05:27 (2899 turns).

Gaff the Sneak (Kobold Brigand)                     Turns: 2899, Time: 00:05:27

Health: -7/32      AC:  3    Str: 14    XL:     5   Next: 52%
Magic:  5/5        EV: 15    Int: 12    God:
Gold:   73         SH:  0    Dex: 18    Spells: 4/4 levels left

rFire    . . .     SeeInvis .   a - +2 dagger
rCold    . . .     Faith    .   (shield restricted)
rNeg     . . .     Spirit   .   b - +0 robe
rPois    .         Reflect  .   (no helmet)
rElec    .         Harm     .   c - +0 cloak
rCorr    +         Rampage  .   (no gloves)
Will     .....                  (no boots)
Stlth    +++++.....             (no amulet)
HPRegen  0.10/turn              h - +6 ring of strength
MPRegen  0.09/turn              m - ring of resist corrosion

@: no status effects
A: small, nightstalker 3
a: no special abilities


You were on level 3 of the Dungeon.
You visited 1 branch of the dungeon, and saw 3 of its levels.

You collected 73 gold pieces.

Inventory:

Hand Weapons
 a - a +2 dagger (weapon)
 k - a +0 short sword
Missiles
 d - 13 poisoned darts (quivered)
 e - 2 curare-tipped darts
 f - 130 stones
Armour
 b - a +0 robe (worn)
 c - a +0 cloak (worn)
 r - a +0 ring mail
Jewellery
 h - a +6 ring of strength (left hand)
 m - a ring of resist corrosion (right hand)
Scrolls
 g - 2 scrolls of teleportation {unknown}
 i - 2 scrolls of magic mapping {unknown}
 j - a scroll of identify {unknown}
 l - 2 scrolls of enchant weapon {unknown}
 q - a scroll of enchant armour {unknown}
 t - a scroll of blinking {unknown}
Potions
 n - a potion of degeneration {unknown}
 o - a potion of lignification {unknown}
 p - a potion of brilliance {unknown}
 u - 2 potions of flight {unknown}


   Skills:
 + Level 2.8 Fighting
 + Level 4.2 Short Blades
 + Level 2.4 Throwing
 + Level 2.0 Dodging
 - Level 7.2 Stealth


You had 4 spell levels left.
You didn't know any spells.
Your spell library was empty.

Dungeon Overview and Level Annotations

Branches:
Dungeon (3/15)

Altars:
Zin

Annotations:
D:3 Sigmund


Innate Abilities, Weirdness & Mutations

You are small and have problems with some larger weapons.
You are completely attuned to the shadows.


Message History

The orc barely misses you.
You hit the orc.
You kill the orc!
The bat closely misses you. The bat hits you.
* * * LOW HITPOINT WARNING * * *
You puncture the bat!
You kill the bat!
Things that are here:
a +0 trident; a +0 ring mail; an orc corpse You start resting.
You feel a little less mighty now.
You start resting.
HP restored.
You see here a bat skeleton.
There is a stone staircase leading up here.
Sigmund shouts!
You hit Sigmund.
Sigmund is lightly wounded.
Sigmund hits you with a +0 scythe!
You hit Sigmund.
Sigmund is lightly wounded.
You closely miss Sigmund.
Sigmund is lightly wounded.
Sigmund closely misses you.
You closely miss Sigmund.
Sigmund is lightly wounded.
You hit Sigmund but do no damage.
Sigmund is lightly wounded.
Sigmund casts a spell at himself.
Sigmund flickers and vanishes!
Deactivating autopickup; reactivate with Ctrl-A.
You barely miss something. Something hits you!
You barely miss something. You hit something. Something hits you!
* * * LOW HITPOINT WARNING * * *
A jackal comes into view.
A puff of flame appears from out of thin air!
The puff of flame hits you!
You die...

#...).....#...
###.#######.#.###
#.................
#.................
#..........)......
#...........รท.....
#..##########<######
#..# ........[.#
#..# h...@..{..#
#..# #########.#
#..# .# #..# # #..#
#..#


You could see a jackal (wandering).

Vanquished Creatures
  An orc wizard (D:3)
  3 gnolls (D:2)
  2 adders (D:2)
  An ooze (D:1)
  3 worms
  3 dart slugs (D:1)
  A leopard gecko (D:1)
  2 orcs (D:3)
  A ball python (D:1)
  5 bats
  2 giant cockroaches (D:1)
  7 goblins
  2 hobgoblins (D:1)
  3 jackals (D:1)
  7 kobolds
  A quokka (D:2)
  2 frilled lizards (D:1)
  4 rats (D:1)
50 creatures vanquished.

Notes
Turn   | Place    | Note
-------+----------+-------------------------------------------
     0 | D:1      | Gaff the Kobold Brigand began the quest for the Orb.
     0 | D:1      | Reached XP level 1. HP: 12/12 MP: 1/1
   361 | D:1      | Reached XP level 2. HP: 17/17 MP: 2/2
   543 | D:1      | Reached skill level 6 in Stealth
   557 | D:1      | Reached XP level 3. HP: 8/21 MP: 3/3
  1375 | D:2      | Reached XP level 4. HP: 27/27 MP: 4/4
  2018 | D:2      | Found a glowing silver altar of Zin.
  2041 | D:2      | Reached skill level 7 in Stealth
  2200 | D:2      | Reached XP level 5. HP: 31/31 MP: 5/5
  2560 | D:3      | Noticed Sigmund
  2899 | D:3      | Killed from afar by Sigmund

Illustrated notes

Levels and vault maps discovered:
D:1:      lightli_arrival_statuegarden, layout_loops_cross
D:2:      layout_basic, zin_statuary, serial_glass, glass_columns_c,
          glass_columns_b, glass_columns_b, glass_columns_a, glass_columns_c,
          glass_columns_c
D:3:      layout_basic, led_sif_pool, uniq_jessica, uniq_sigmund

Skill      XL: |  1  2  3  4  5 |
---------------+----------------+-----
Short Blades   | 3 4 |  4.2
Stealth        | 6 7 |  7.2
Dodging        | 2 |  2.0
Fighting       | |  2.8
Throwing       | |  2.4

Action                   |  1- 3 |  4- 6 || total
-------------------------+-------+-------++-------
Melee: Dagger            |    85 |    78 ||   163
Throw: Dart              |       |     6 ||     6
  Use: Potion            |       |     1 ||     1
 Stab: Sleeping          |    14 |     6 ||    20
Armor: Robe              |     9 |     3 ||    12
Dodge: Dodged            |    51 |    36 ||    87

Table legend: (Time is in decaauts)
 A = Elapsed time spent in this place.
 B = Non-inter-level travel time spent in this place.
 C = Inter-level travel time spent in this place.
 D = Time resting spent in this place.
 E = Time spent auto-exploring this place.
 F = Levels seen in this place.
 G = Mean time per level.
                   A        B        C        D        E       F      G
               +--------+--------+--------+--------+--------+-----+--------+
         Total |   2870 |   2843 |     27 |    586 |   1773 |   3 |  956.7 |
       Dungeon |   2870 |   2843 |     27 |    586 |   1773 |   3 |  956.7 |
               +--------+--------+--------+--------+--------+-----+--------+

Top non-repeatable levels by time:
     D:1: 1305 daAuts
     D:2: 1232 daAuts
     D:3: 332 daAuts
